TOP OF THE 1ST |
Lehigh Valley IronPigs batting - Pitching for Colorado Springs Sky Sox : RHP Dave Spriggs
|
Pitching: RHP Dave Spriggs
|
|
Batting: LHB Theodore Conboy
|
0-0: Called Strike 0-1: Ball 1-1: SINGLE (Groundball, 3D, EV 104.4 MPH)
|
Batting: RHB Jesus Galvan
|
0-0: Called Strike 0-1: Swinging Strike 0-2: Ball 1-2: Strikes out swinging
|
Batting: RHB Quintin Parker
|
0-0: Ball 1-0: Swinging Strike 1-1: Called Strike 1-2: Strikes out swinging
|
Batting: LHB Jose Carlos
|
0-0: Fielders Choice at 2nd, 6-4 (Groundball, 6, EV 86.9 MPH)
|
Top of the 1st over - 0 runs, 1 hit, 0 errors, 1 left on base; Lehigh Valley 0 - Colorado Springs 0 |
BOTTOM OF THE 1ST |
Colorado Springs Sky Sox batting - Pitching for Lehigh Valley IronPigs : RHP Alard Kraaijeveld
|
Pitching: RHP Alard Kraaijeveld
|
|
Batting: LHB Steve Gilliam
|
0-0: Ball 1-0: Ball 2-0: Swinging Strike 2-1: Foul Ball, location: 2F 2-2: Ball 3-2: Foul Ball, location: 2F 3-2: Foul Ball, location: 2F 3-2: Foul Ball, location: 2F 3-2: Foul Ball, location: 2F 3-2: Foul Ball, location: 2F 3-2: Foul Ball, location: 2F 3-2: Ground out U3 (Groundball, 3L, EV 104.4 MPH)
|
Batting: RHB Ryan Rinaldi
|
0-0: Ball 1-0: Ball 2-0: Ball 3-0: Base on Balls
|
Batting: LHB Chris Salim
|
0-0: Ball 1-0: Ball 2-0: Foul Ball, location: 2F 2-1: Foul Ball, location: 2F 2-2: Fly out, F8 (Flyball, 8LM, EV 95.0 MPH)
|
Batting: LHB Zack Guillen
|
0-0: Called Strike 0-1: Called Strike 0-2: Ball 1-2: Ground out 1-3 (Groundball, P, EV 61.9 MPH)
|
Bottom of the 1st over - 0 runs, 0 hits, 0 errors, 1 left on base; Lehigh Valley 0 - Colorado Springs 0 |
TOP OF THE 2ND |
Lehigh Valley IronPigs batting - Pitching for Colorado Springs Sky Sox : RHP Dave Spriggs
|
Batting: LHB Mike Davis
|
0-0: Ball 1-0: Ball 2-0: Ground out 5-3 (Groundball, 5, EV 84.4 MPH)
|
Batting: SHB Phuck II
|
0-0: Called Strike 0-1: Swinging Strike 0-2: Strikes out swinging
|
Batting: RHB Moritake Fukumoto
|
0-0: Called Strike 0-1: Foul Ball, location: 2F 0-2: Foul Ball, location: 2F 0-2: Ball 1-2: Ball 2-2: Foul Ball, location: 2F 2-2: Foul Ball, location: 2F 2-2: Foul Ball, location: 2F 2-2: Ground out 4-3 (Groundball, 4, EV 86.2 MPH)
|
Top of the 2nd over - 0 runs, 0 hits, 0 errors, 0 left on base; Lehigh Valley 0 - Colorado Springs 0 |
BOTTOM OF THE 2ND |
Colorado Springs Sky Sox batting - Pitching for Lehigh Valley IronPigs : RHP Alard Kraaijeveld
|
Batting: SHB Andy Vivas
|
0-0: Called Strike 0-1: Ball 1-1: SINGLE (Groundball, 4MD, EV 99.4 MPH)
|
Batting: SHB Chris Besselman
|
0-0: Swinging Strike 0-1: Foul Ball, location: 2F 0-2: Strikes out swinging
|
Batting: SHB Bobby Santor
|
0-0: Foul Ball, location: 2F 0-1: Ball 1-1: Ball 2-1: Ball 3-1: Fly out, F7 (Flyball, 78S, EV 86.9 MPH)
|
Batting: RHB Justin Williams
|
0-0: Called Strike 0-1: Called Strike 0-2: Ball 1-2: Foul Ball, location: 2F 1-2: Ball 2-2: Ball 3-2: Foul Ball, location: 2F 3-2: Base on Balls Andy Vivas to second
|
Batting: RHB John Stevenson
|
0-0: Called Strike 0-1: Ball 1-1: Foul Ball, location: 2F 1-2: Foul Ball, location: 2F 1-2: Strikes out swinging
|
Bottom of the 2nd over - 0 runs, 1 hit, 0 errors, 2 left on base; Lehigh Valley 0 - Colorado Springs 0 |
TOP OF THE 3RD |
Lehigh Valley IronPigs batting - Pitching for Colorado Springs Sky Sox : RHP Dave Spriggs
|
Batting: SHB Benjamin Brown
|
0-0: Ball 1-0: Called Strike 1-1: Reached via error on a dropped throw from SS, E3 (Groundball, 6, EV 79.4 MPH)
|
Batting: RHB Charles Marcel
|
0-0: Ball Benjamin Brown is caught stealing 2nd base 2-4 1-0: Called Strike 1-1: Called Strike 1-2: SOLO HOME RUN (Flyball, 7D, EV 98.8 MPH), Distance : 388 ft
|
Batting: LHB Theodore Conboy
|
0-0: Called Strike 0-1: Foul Ball, location: 2F 0-2: SINGLE (Line Drive, 4MD, EV 106.9 MPH)
|
Batting: RHB Jesus Galvan
|
0-0: Ball 1-0: Ball 2-0: Foul Ball, location: 2F 2-1: Ball 3-1: SINGLE (Groundball, 6MD, EV 106.2 MPH) Theodore Conboy to second Runner from 2nd tries for 3rd, SAFE, throw by CF made to third Jesus Galvan to second
|
Batting: RHB Quintin Parker
|
0-0: SINGLE (Flyball, 8LS, EV 92.5 MPH) Theodore Conboy scores Jesus Galvan to third Runner from 3rd tries for Home, SAFE, throw by CF to home
|
Batting: LHB Jose Carlos
|
0-0: Called Strike 0-1: Ball 1-1: Ball 2-1: Foul Ball, location: 2F 2-2: Ball 3-2: Fly out, F9 (Flyball, 9D, EV 92.5 MPH)
|
Batting: LHB Mike Davis
|
0-0: Ball 1-0: Called Strike 1-1: Ball 2-1: SINGLE (Line Drive, 56D, EV 106.2 MPH) Quintin Parker to second
|
Batting: SHB Phuck II
|
0-0: Ball 1-0: Swinging Strike 1-1: Foul Ball, location: 2F 1-2: Ball 2-2: Foul Ball, location: 2F 2-2: Foul Ball, location: 2F 2-2: Foul Ball, location: 2F 2-2: Foul Ball, location: 2F 2-2: Ball 3-2: DOUBLE (Line Drive, 9LM, EV 107.5 MPH) Quintin Parker scores Mike Davis to third Mike Davis scores
|
Pitching: RHP Cesar Rivera
|
|
Batting: RHB Moritake Fukumoto
|
0-0: Called Strike 0-1: SINGLE (Groundball, 34D, EV 106.2 MPH) Phuck II to third Runner from 3rd tries for Home, SAFE, throw by RF to home
|
Batting: SHB Benjamin Brown
|
0-0: Foul Ball, location: 2F 0-1: Called Strike 0-2: Ball 1-2: Ground out 4-3 (Groundball, 4, EV 93.1 MPH)
|
Top of the 3rd over - 6 runs, 7 hits, 1 error, 1 left on base; Lehigh Valley 6 - Colorado Springs 0 |
BOTTOM OF THE 3RD |
Colorado Springs Sky Sox batting - Pitching for Lehigh Valley IronPigs : RHP Alard Kraaijeveld
|
Batting: LHB Steve Gilliam
|
0-0: Called Strike 0-1: Ball 1-1: Ground out 6-3 (Groundball, 56, EV 90.0 MPH)
|
Batting: RHB Ryan Rinaldi
|
0-0: Swinging Strike 0-1: Swinging Strike 0-2: Ground out 6-3 (Groundball, 6, EV 86.9 MPH)
|
Batting: LHB Chris Salim
|
0-0: Called Strike 0-1: Foul Ball, location: 2F 0-2: Fly out, F8 (Flyball, 8LM, EV 83.8 MPH)
|
Bottom of the 3rd over - 0 runs, 0 hits, 0 errors, 0 left on base; Lehigh Valley 6 - Colorado Springs 0 |
TOP OF THE 4TH |
Lehigh Valley IronPigs batting - Pitching for Colorado Springs Sky Sox : RHP Cesar Rivera
|
Batting: RHB Charles Marcel
|
0-0: Ball 1-0: Ball 2-0: Ball 3-0: Base on Balls
|
Batting: LHB Theodore Conboy
|
0-0: Fly out, F7 (Flyball, 78M, EV 93.1 MPH)
|
Batting: RHB Jesus Galvan
|
0-0: Called Strike 0-1: Ball 1-1: SINGLE (Groundball, 3D, EV 94.4 MPH) Charles Marcel to second Runner from 2nd tries for 3rd, SAFE, throw by RF made to third
|
Batting: RHB Quintin Parker
|
0-0: Ball 1-0: Foul Ball, location: 2F 1-1: Ball 2-1: Foul Ball, location: 2F 2-2: Foul Ball, location: 2F 2-2: Foul Ball, location: 2F 2-2: Foul Ball, location: 2F 2-2: Reached on error, E6 (Groundball, 6, EV 77.5 MPH) Charles Marcel scores Jesus Galvan to second
|
Batting: LHB Jose Carlos
|
0-0: Called Strike 0-1: Called Strike 0-2: Ball 1-2: Strikes out looking
|
Batting: LHB Mike Davis
|
0-0: Ball 1-0: Ball 2-0: Called Strike 2-1: Foul Ball, location: 2F 2-2: Ball 3-2: Base on Balls Jesus Galvan to third Quintin Parker to second
|
Batting: SHB Phuck II
|
0-0: Foul Ball, location: 2F 0-1: Ball 1-1: Ground out U3 (Groundball, 13, EV 84.4 MPH)
|
Top of the 4th over - 1 run, 1 hit, 1 error, 3 left on base; Lehigh Valley 7 - Colorado Springs 0 |
BOTTOM OF THE 4TH |
Colorado Springs Sky Sox batting - Pitching for Lehigh Valley IronPigs : RHP Alard Kraaijeveld
|
Batting: LHB Zack Guillen
|
0-0: SOLO HOME RUN (Flyball, 9D, EV 101.9 MPH), Distance : 370 ft
|
Batting: SHB Andy Vivas
|
0-0: Ball 1-0: Called Strike 1-1: Ground out 5-3 (Groundball, 5L, EV 91.2 MPH)
|
Batting: SHB Chris Besselman
|
0-0: Ball 1-0: Called Strike 1-1: Swinging Strike 1-2: Strikes out looking
|
Batting: SHB Bobby Santor
|
0-0: Ball 1-0: Swinging Strike 1-1: Foul Ball, location: 2F 1-2: Foul Ball, location: 2F 1-2: Foul Ball, location: 2F 1-2: DOUBLE (Line Drive, 8LXD, EV 101.2 MPH)
|
Batting: RHB Justin Williams
|
0-0: Ball 1-0: Foul Ball, location: 2F 1-1: Ball 2-1: Called Strike 2-2: Ball 3-2: Strikes out swinging
|
Bottom of the 4th over - 1 run, 2 hits, 0 errors, 1 left on base; Lehigh Valley 7 - Colorado Springs 1 |
TOP OF THE 5TH |
Lehigh Valley IronPigs batting - Pitching for Colorado Springs Sky Sox : RHP Cesar Rivera
|
Batting: RHB Moritake Fukumoto
|
0-0: Ball 1-0: Swinging Strike 1-1: Reached on error, E2 (Groundball, 15S, EV 70.6 MPH)
|
Batting: SHB Benjamin Brown
|
0-0: Ball 1-0: Ball 2-0: Foul Ball, location: 2F 2-1: Swinging Strike 2-2: Strikes out swinging
|
Batting: RHB Charles Marcel
|
0-0: Ball 1-0: Called Strike 1-1: Ground out 4-3 (Groundball, 4M, EV 84.4 MPH) Moritake Fukumoto to third
|
Pitching: RHP Nate Dallman
|
|
Batting: LHB Theodore Conboy
|
0-0: Ball 1-0: Ball 2-0: Ball 3-0: Called Strike 3-1: Base on Balls
|
Batting: RHB Jesus Galvan
|
0-0: Called Strike Pickoff Throw by Catcher to First - Out!
|
Top of the 5th over - 0 runs, 0 hits, 1 error, 1 left on base; Lehigh Valley 7 - Colorado Springs 1 |
BOTTOM OF THE 5TH |
Colorado Springs Sky Sox batting - Pitching for Lehigh Valley IronPigs : RHP Alard Kraaijeveld
|
Batting: RHB John Stevenson
|
0-0: SINGLE (Groundball, 34D, EV 109.4 MPH)
|
Batting: LHB Steve Gilliam
|
0-0: Foul Ball, location: 2F 0-1: Foul Ball, location: 2F 0-2: Strikes out swinging
|
Batting: RHB Ryan Rinaldi
|
0-0: Called Strike 0-1: Foul Ball, location: 2F 0-2: Foul Ball, location: 2F 0-2: Hit by Pitch John Stevenson to second
|
Batting: LHB Chris Salim
|
0-0: Foul Ball, location: 2F 0-1: Swinging Strike 0-2: SINGLE (Flyball, 4D, EV 84.4 MPH) John Stevenson to third Ryan Rinaldi to second
|
Batting: LHB Zack Guillen
|
0-0: Reached on error, E5 (Groundball, 56, EV 86.2 MPH) John Stevenson scores Ryan Rinaldi to third Chris Salim to second
|
Batting: SHB Andy Vivas
|
0-0: Swinging Strike 0-1: Foul Ball, location: 2F 0-2: Ball 1-2: Foul Ball, location: 2F 1-2: Ball 2-2: Ball 3-2: Strikes out looking
|
Batting: SHB Chris Besselman
|
0-0: Ball 1-0: Called Strike 1-1: Ball 2-1: Swinging Strike 2-2: Fly out, F8 (Flyball, 8LM, EV 95.0 MPH)
|
Bottom of the 5th over - 1 run, 2 hits, 1 error, 3 left on base; Lehigh Valley 7 - Colorado Springs 2 |
TOP OF THE 6TH |
Lehigh Valley IronPigs batting - Pitching for Colorado Springs Sky Sox : RHP Nate Dallman
|
Batting: RHB Jesus Galvan
|
0-0: Ball 1-0: Foul Ball, location: 2F 1-1: Ground out 4-3 (Groundball, 4, EV 101.2 MPH)
|
Batting: RHB Quintin Parker
|
0-0: Foul Ball, location: 2F 0-1: Ground out 2-3 (Groundball, 15S, EV 61.2 MPH)
|
Batting: LHB Jose Carlos
|
0-0: SINGLE (Groundball, 6D, EV 97.5 MPH)
|
Batting: LHB Mike Davis
|
0-0: Called Strike 0-1: Ball 1-1: Ball 2-1: SINGLE (Line Drive, 7S, EV 105.0 MPH) Jose Carlos to second
|
Batting: SHB Phuck II
|
0-0: Ball 1-0: Ball 2-0: Called Strike 2-1: Ball 3-1: SINGLE (Groundball, 4M, EV 101.2 MPH) (infield hit) Jose Carlos to third Mike Davis to second
|
Batting: RHB Moritake Fukumoto
|
0-0: Ball 1-0: Ball 2-0: Foul Ball, location: 2F 2-1: Called Strike 2-2: Ground out 4-3 (Groundball, 4S, EV 67.5 MPH)
|
Top of the 6th over - 0 runs, 3 hits, 0 errors, 3 left on base; Lehigh Valley 7 - Colorado Springs 2 |
BOTTOM OF THE 6TH |
Colorado Springs Sky Sox batting - Pitching for Lehigh Valley IronPigs : RHP Alard Kraaijeveld
|
Pitching: RHP Rafael Pacheco
|
|
Batting: SHB Bobby Santor
|
0-0: Ground out 6-3 (Groundball, 56, EV 103.1 MPH)
|
Batting: RHB Justin Williams
|
0-0: Called Strike 0-1: Called Strike 0-2: Ball 1-2: Ball 2-2: Ball 3-2: Strikes out swinging
|
Batting: RHB John Stevenson
|
0-0: Ball 1-0: Called Strike 1-1: Ball 2-1: Ball 3-1: SINGLE (Line Drive, 8LS, EV 92.5 MPH)
|
Batting: LHB Steve Gilliam
|
0-0: Ball 1-0: Foul Ball, location: 2F 1-1: Swinging Strike 1-2: Ball 2-2: Foul Ball, location: 2F 2-2: DOUBLE (Line Drive, 9LM, EV 101.9 MPH) John Stevenson to third
|
Batting: RHB Ryan Rinaldi
|
0-0: Called Strike 0-1: Ground out 5-3 (Groundball, 56S, EV 75.0 MPH)
|
Bottom of the 6th over - 0 runs, 2 hits, 0 errors, 2 left on base; Lehigh Valley 7 - Colorado Springs 2 |
TOP OF THE 7TH |
Lehigh Valley IronPigs batting - Pitching for Colorado Springs Sky Sox : RHP Nate Dallman
|
Batting: SHB Benjamin Brown
|
0-0: Swinging Strike 0-1: Foul Ball, location: 2F 0-2: Foul Ball, location: 2F 0-2: Ball 1-2: Foul Ball, location: 2F 1-2: Ball 2-2: Ball 3-2: Fly out, F9 (Flyball, 9D, EV 103.1 MPH)
|
Batting: RHB Charles Marcel
|
0-0: Ball 1-0: Ball 2-0: Called Strike 2-1: Swinging Strike 2-2: Ball 3-2: Base on Balls
|
Batting: LHB Theodore Conboy
|
0-0: DOUBLE (Flyball, 8RXD, EV 97.5 MPH) Charles Marcel to third Runner from 3rd tries for Home, SAFE, no throw by CF
|
Batting: RHB Jesus Galvan
|
0-0: Ball 1-0: Ball 2-0: Ball 3-0: Base on Balls
|
Pitching: LHP Cooper Bate
|
|
Batting: RHB Quintin Parker
|
0-0: Foul Ball, location: 2F 0-1: Ball Wild Pitch! Theodore Conboy to third Jesus Galvan to second 1-1: Foul Ball, location: 2F 1-2: Foul Ball, location: 2F 1-2: Ground out 6-3 (Groundball, 6, EV 80.0 MPH) Theodore Conboy scores Jesus Galvan to third
|
Batting: LHB Jose Carlos
|
0-0: Foul Ball, location: 2F 0-1: Ball 1-1: SINGLE (Groundball, 56D, EV 98.1 MPH) Jesus Galvan scores
|
Batting: LHB Mike Davis
|
0-0: Ball 1-0: Ball 2-0: Called Strike 2-1: Ball 3-1: Foul Ball, location: 2F 3-2: Strikes out swinging
|
Top of the 7th over - 3 runs, 2 hits, 0 errors, 1 left on base; Lehigh Valley 10 - Colorado Springs 2 |
BOTTOM OF THE 7TH |
Colorado Springs Sky Sox batting - Pitching for Lehigh Valley IronPigs : RHP Rafael Pacheco
|
Batting: LHB Chris Salim
|
0-0: Ball 1-0: Called Strike 1-1: Ball 2-1: SINGLE (Groundball, 4MD, EV 108.8 MPH)
|
Batting: LHB Zack Guillen
|
0-0: Ball 1-0: Grounds into double play, 4-6-3 (Groundball, 4S, EV 83.8 MPH)
|
Batting: SHB Andy Vivas
|
0-0: Swinging Strike 0-1: Hit by Pitch
|
Batting: SHB Chris Besselman
|
0-0: Ball 1-0: 2-RUN HOME RUN (Flyball, 9D, EV 96.9 MPH), Distance : 370 ft
|
Batting: SHB Bobby Santor
|
0-0: Ball 1-0: Swinging Strike 1-1: Ball 2-1: Fly out, F9 (Line Drive, 9LM, EV 94.4 MPH)
|
Bottom of the 7th over - 2 runs, 2 hits, 0 errors, 0 left on base; Lehigh Valley 10 - Colorado Springs 4 |
TOP OF THE 8TH |
Lehigh Valley IronPigs batting - Pitching for Colorado Springs Sky Sox : LHP Cooper Bate
|
Batting: SHB Phuck II
|
0-0: Called Strike 0-1: Foul Ball, location: 2F 0-2: Ball 1-2: Ball 2-2: Strikes out swinging
|
Batting: RHB Moritake Fukumoto
|
0-0: SINGLE (Groundball, 6MD, EV 94.4 MPH)
|
Batting: SHB Benjamin Brown
|
0-0: Foul Ball, location: 2F 0-1: SINGLE (Line Drive, 7S, EV 90.0 MPH) Moritake Fukumoto to second
|
Batting: RHB Charles Marcel
|
0-0: TRIPLE (Flyball, 8LXD, EV 103.1 MPH) Moritake Fukumoto scores Benjamin Brown scores
|
Batting: LHB Theodore Conboy
|
0-0: Ball Wild Pitch! Charles Marcel scores 1-0: Ball 2-0: Foul Ball, location: 2F 2-1: Foul Ball, location: 2F 2-2: Strikes out swinging
|
Batting: RHB Jesus Galvan
|
0-0: Ball 1-0: Ball 2-0: Ball 3-0: Foul Ball, location: 2F 3-1: SINGLE (Line Drive, 89S, EV 96.9 MPH)
|
Batting: RHB Quintin Parker
|
0-0: Called Strike 0-1: Ball 1-1: Swinging Strike 1-2: Ball 2-2: Ball 3-2: Strikes out looking
|
Top of the 8th over - 3 runs, 4 hits, 0 errors, 1 left on base; Lehigh Valley 13 - Colorado Springs 4 |
BOTTOM OF THE 8TH |
Colorado Springs Sky Sox batting - Pitching for Lehigh Valley IronPigs : RHP Rafael Pacheco
|
Pinch Hitting: SHB Jeff Sorrels
|
0-0: Called Strike 0-1: Ball 1-1: Ball 2-1: Foul Ball, location: 2F 2-2: Strikes out swinging
|
Pinch Hitting: LHB Michael Krott
|
0-0: Called Strike 0-1: Ball 1-1: Ball 2-1: Foul Ball, location: 2F 2-2: Foul Ball, location: 2F 2-2: Fly out, F8 (Flyball, 89M, EV 81.9 MPH)
|
Batting: LHB Steve Gilliam
|
0-0: Called Strike 0-1: Ball 1-1: Foul Ball, location: 2F 1-2: Foul Ball, location: 2F 1-2: Fly out, F9 (Flyball, 9D, EV 106.2 MPH)
|
Bottom of the 8th over - 0 runs, 0 hits, 0 errors, 0 left on base; Lehigh Valley 13 - Colorado Springs 4 |
TOP OF THE 9TH |
Lehigh Valley IronPigs batting - Pitching for Colorado Springs Sky Sox : LHP Cooper Bate
|
Now at 3B: Jeff Sorrels
|
|
Now in CF: Michael Krott
|
|
Batting: LHB Jose Carlos
|
0-0: Ball 1-0: Ball 2-0: Called Strike 2-1: Swinging Strike 2-2: Foul Ball, location: 2F 2-2: Ground out U3 (Groundball, 23, EV 79.4 MPH)
|
Batting: LHB Mike Davis
|
0-0: Ball 1-0: TRIPLE (Flyball, 9LD, EV 105.0 MPH)
|
Batting: SHB Phuck II
|
0-0: Swinging Strike 0-1: Swinging Strike 0-2: Strikes out swinging
|
Batting: RHB Moritake Fukumoto
|
0-0: Ball 1-0: Called Strike 1-1: Foul Ball, location: 2F 1-2: Ball 2-2: Ball 3-2: Base on Balls
|
Batting: SHB Benjamin Brown
|
0-0: SINGLE (Groundball, 56S, EV 71.2 MPH) (infield hit) Mike Davis scores Moritake Fukumoto to second
|
Batting: RHB Charles Marcel
|
0-0: Ball 1-0: Swinging Strike 1-1: Foul Ball, location: 2F 1-2: Foul Ball, location: 2F 1-2: Ball 2-2: Ball 3-2: Base on Balls Moritake Fukumoto to third Benjamin Brown to second
|
Pitching: RHP Victor Castillo
|
|
Batting: LHB Theodore Conboy
|
0-0: Ball 1-0: Ball 2-0: Called Strike 2-1: Swinging Strike 2-2: Strikes out swinging
|
Top of the 9th over - 1 run, 2 hits, 0 errors, 3 left on base; Lehigh Valley 14 - Colorado Springs 4 |
BOTTOM OF THE 9TH |
Colorado Springs Sky Sox batting - Pitching for Lehigh Valley IronPigs : RHP Rafael Pacheco
|
Pitching: RHP Chad Capaldi
|
|
Batting: RHB Ryan Rinaldi
|
0-0: Ball 1-0: Ball 2-0: Ball 3-0: Base on Balls
|
Batting: LHB Chris Salim
|
0-0: Fly out, F8 (Flyball, 8LM, EV 86.9 MPH)
|
Batting: LHB Zack Guillen
|
0-0: Called Strike 0-1: Swinging Strike 0-2: Strikes out looking
|
Batting: SHB Andy Vivas
|
0-0: Foul Ball, location: 2F 0-1: Fielders Choice at 2nd, 6-4 (Groundball, 6, EV 85.6 MPH)
|
Bottom of the 9th over - 0 runs, 0 hits, 0 errors, 1 left on base; Lehigh Valley 14 - Colorado Springs 4 |
|